 Dungeon Sprint DCSS version 0.21-a0-274-gc1afaeb (webtiles) character file.

4092 potatolord6000 the Cleaver (level 10, -7/100 HPs)
             Began as a Hill Orc Fighter on Sept 19, 2017.
             Was the Champion of Beogh.
             Mangled by a vampire knight
             ... wielding a +0 battleaxe
              (12 damage)
             ... in the Dungeon (Sprint VII: "The Pits").
             The game lasted 00:03:31 (1073 turns).

potatolord6000 the Cleaver (Hill Orc Fighter)       Turns: 1073, Time: 00:03:32

Health: -7/100     AC: 17    Str: 23    XL:     10   Next: 26%
Magic:  19/19      EV: 14    Int: 11    God:    Beogh [******]
Gold:   0          SH: 13    Dex: 15    Spells: 9/9 levels left

rFire    . . .     SeeInvis .   u - +2 war axe (chop)
rCold    . . .     Gourm    .   c - +0 shield
rNeg     . . .     Faith    .   g - +2 plate armour
rPois    .         Spirit   .   (no helmet)
rElec    .         Reflect  .   (no cloak)
rCorr    .         Harm     .   (no gloves)
MR       .....     NoTele   +   (no boots)
Stlth    ..........             (no amulet)
HPRegen  0.26/turn              b - +3 ring of evasion
MPRegen  0.16/turn              h - +3 ring of intelligence

@: agile, lethally poisoned (-7 -> -7), berserk cooldown, slowed, very slow
A: walk on water
a: Smiting, Recall Orcish Followers, Give Item to Named Follower, Resurrection,
Renounce Religion


You were in the Dungeon.
You worshipped Beogh.
Beogh was exalted by your worship.
You were hungry.

You visited 1 branch

Inventory:

Hand Weapons
 u - a +2 war axe of chopping (weapon)
Armour
 c - a +0 shield (worn)
 g - a +2 plate armour (worn)
Jewellery
 b - a +3 ring of evasion (left hand)
 h - a +3 ring of intelligence (right hand)
Scrolls
 k - a scroll of blinking
 m - 3 scrolls of remove curse
 n - 5 scrolls of amnesia
 o - a scroll of summoning
Potions
 d - 5 potions of curing
 e - 8 potions of heal wounds
 i - 4 potions of magic
 j - 2 potions of berserk rage
 l - 2 potions of invisibility
 s - a potion of resistance
Comestibles
 f - 8 bread rations
 p - 40 fruits
 q - 7 meat rations


   Skills:
 + Level 12.9 Fighting
 + Level 13.7 Axes
 + Level 12.0 Armour
 + Level 12.0 Shields
 + Level 13.2 Invocations


You had 9 spell levels left.
You didn't know any spells.

Dungeon Overview and Level Annotations

Branches:
Dungeon (1/1)

Altars:
Ashenzari
Cheibriados
Dithmenos
Elyvilon
Fedhas
Gozag
Hepliaklqana
Kikubaaqudgha
Makhleb
Nemelex Xobeh
Okawaru
Qazlal
Ru
Sif Muna
Trog
Uskayaw
Vehumet
Wu Jian
Xom
Yredelemnul
Zin
The Shining One
Beogh
Jiyva
Lugonu


Message History

Your extra speed is starting to run out.
You swap places.
You feel sick.
A vampire knight opens the door.
You see here a dream sheep corpse.
You feel sick.
You see here a tyrant leech corpse.
There is an open door, spattered with blood here.
Things that are here:
a club; a robe; a killer bee corpse You feel yourself slow down.
You feel sick.
The vampire knight blinks!
The vampire knight mumbles some strange words.
The vampire knight flickers and vanishes!
Deactivating autopickup; reactivate with Ctrl-A.
You feel sick. Something hits you!!
* * * LOW HITPOINT WARNING * * *
Something hits Urtork!
Something bites you but does no damage.
You start resting.
You feel sick. Something hits you!
You die...

#.##.......##......# ...
'.##.......##......# ....
####...<...###....## ####...##
)[##.......# ##'†## ###..'...'
)[##.......###....###....# '##
####.......##......#†††.##...##
..###########......)††.)'.....+
.############....o)#).).##...##
(#....#!.[[###..@.###....# '##
'#....#.![[# ##++## ###..+ .'
()††..'..))# #### ##
'#†...#..))# (#....#.!))#
############


You could see the friendly Urtork the orc warrior.

Vanquished Creatures
  Sonja (D)
  A cyclops (D)
  2 tyrant leeches (D)
  4 dream sheep (D)
  A hippogriff (D)
  A shadow (D)
  3 yaks (D)
  2 vampire mosquitoes (D)
  A warg (D)
  A water moccasin (D)
  An ice beast (D)
  A sky beast (D)
  A black bear (D)
  An ogre (D)
  2 centaurs (D)
  4 killer bees (D)
  A quasit (D)
  A gnoll shaman (D)
  Ijyb (D)
  An adder (D)
  5 gnolls (D)
  A river rat (D)
  2 oozes (D)
  An adder zombie (D)
  2 leopard geckos (D)
  2 bats (D)
  A hobgoblin (D)
  A quokka (D)
  A kobold (D)
47 creatures vanquished.

Vanquished Creatures (collateral kills)
  A killer bee (D)
1 creature vanquished.

Grand Total: 48 creatures vanquished

Notes
Turn   | Place    | Note
-------+----------+-------------------------------------------
     0 | D        | potatolord6000 the Hill Orc Fighter began the quest for the Orb.
     0 | D        | Reached XP level 1. HP: 19/19 MP: 1/1
    24 | D        | Reached XP level 2. HP: 9/27 MP: 2/2
   143 | D        | Found a bloodstained altar of Trog.
   143 | D        | Found a deep blue altar of Sif Muna.
   143 | D        | Found a viscous altar of Jiyva.
   143 | D        | Found a hazy altar of Hepliaklqana.
   143 | D        | Found an opulent altar of Gozag.
   144 | D        | Found a glowing golden altar of the Shining One.
   144 | D        | Found a glowing silver altar of Zin.
   144 | D        | Found a basalt altar of Yredelemnul.
   144 | D        | Found a shimmering altar of Xom.
   144 | D        | Found an ornate altar of the Wu Jian Council.
   144 | D        | Found a sacrificial altar of Ru.
   144 | D        | Found a stormy altar of Qazlal.
   144 | D        | Found an iron altar of Okawaru.
   144 | D        | Found a sparkling altar of Nemelex Xobeh.
   144 | D        | Found a burning altar of Makhleb.
   144 | D        | Found a blossoming altar of Fedhas.
   144 | D        | Found a white marble altar of Elyvilon.
   144 | D        | Found a shadowy altar of Dithmenos.
   144 | D        | Found a snail-covered altar of Cheibriados.
   146 | D        | Found a radiant altar of Vehumet.
   146 | D        | Found a corrupted altar of Lugonu.
   146 | D        | Found a roughly hewn altar of Beogh.
   148 | D        | Found an ancient bone altar of Kikubaaqudgha.
   148 | D        | Found a hide-covered altar of Uskayaw.
   148 | D        | Found a shattered altar of Ashenzari.
   156 | D        | Became a worshipper of Beogh the Brigand
   238 | D        | Reached * piety under Beogh
   238 | D        | Reached skill level 1 in Invocations
   246 | D        | Noticed a water moccasin
   249 | D        | Reached ** piety under Beogh
   249 | D        | Reached XP level 3. HP: 24/34 MP: 2/4
   259 | D        | Killed a water moccasin
   259 | D        | Reached skill level 5 in Invocations
   259 | D        | Reached XP level 4. HP: 34/45 MP: 3/7
   259 | D        | Reached XP level 5. HP: 38/51 MP: 3/8
   353 | D        | Noticed Ijyb
   378 | D        | Killed Ijyb
   378 | D        | Reached *** piety under Beogh
   390 | D        | Noticed a centaur
   396 | D        | Killed a centaur
   396 | D        | Reached XP level 6. HP: 55/60 MP: 10/10
   401 | D        | Reached **** piety under Beogh
   411 | D        | Noticed an ice beast
   419 | D        | Killed an ice beast
   475 | D        | Noticed a cyclops
   477 | D        | Killed a cyclops
   477 | D        | Reached XP level 7. HP: 49/70 MP: 8/13
   575 | D        | Noticed a warg
   578 | D        | Killed a warg
   578 | D        | Reached skill level 10 in Axes
   578 | D        | Reached XP level 8. HP: 67/79 MP: 13/15
   602 | D        | Reached skill level 10 in Fighting
   666 | D        | Noticed a hippogriff
   666 | D        | Noticed a yak
   666 | D        | Noticed a yak
   667 | D        | Noticed a yak
   669 | D        | Killed a hippogriff
   669 | D        | Reached skill level 10 in Invocations
   679 | D        | Killed a yak
   685 | D        | Killed a yak
   685 | D        | Reached ***** piety under Beogh
   685 | D        | Reached skill level 10 in Armour
   685 | D        | Reached skill level 10 in Shields
   685 | D        | Killed a yak
   912 | D        | Noticed a shadow
   912 | D        | Noticed Sonja
   914 | D        | Killed Sonja
   914 | D        | Reached XP level 9. HP: 89/89 MP: 13/17
  1014 | D        | Noticed a tyrant leech
  1014 | D        | Noticed a tyrant leech
  1025 | D        | Killed a tyrant leech
  1026 | D        | Gained Urtork as an ally
  1029 | D        | Reached ****** piety under Beogh
  1034 | D        | Killed a tyrant leech
  1040 | D        | Reached XP level 10. HP: 61/99 MP: 19/19
  1066 | D        | Noticed a vampire knight
  1072 | D        | HP: 5/100 [something (23)]
  1073 | D        | Mangled by a vampire knight

Vault maps used:
D:        pitsprint

Skill      XL: |  1  2  3  4  5  6  7  8  9 10 |
---------------+-------------------------------+-----
Fighting       | 4 6 7 9 11 12 | 12.9
Axes           | 3 4 6 7 9 10 12 13 | 13.7
Armour         | 4 6 7 8 9 10 11 12 | 12.0
Shields        | 4 6 7 8 9 10 11 12 | 12.0
Invocations    | 2 5 6 9 11 12 13 | 13.2

Action                   |  1- 3 |  4- 6 |  7- 9 | 10-12 || total
-------------------------+-------+-------+-------+-------++-------
Melee: War axe           |    26 |    32 |    80 |    12 ||   150
Invok: Smiting           |       |     1 |     6 |       ||     7
  Use: Potion            |     4 |       |     3 |     1 ||     8
 Stab: Distracted        |       |       |     1 |     1 ||     2
Armor: Scale mail        |    11 |       |       |       ||    11
       Plate armour      |       |    30 |    31 |    12 ||    73
Dodge: Dodged            |     9 |     9 |    16 |    14 ||    48
Block: Shield            |    24 |    16 |    38 |    17 ||    95

Table legend:
 A = Spawn XP
 B = Non-spawn XP
 C = Spawn XP percentage of total XP
 D = Spawn monster count
 E = Non-spawn monster count
 F = Spawn count percentage of total count
 G = Total turns spent on level
                    A         B        C        D         E        F      G
               +---------+---------+-------+---------+---------+-------+---------
         Total |       0 |    5846 |   0.0 |       0 |      48 |   0.0 |  1073
               +---------+---------+-------+---------+---------+-------+---------
             D |       0 |    5846 |   0.0 |       0 |      48 |   0.0 |  1073
               +---------+---------+-------+---------+---------+-------+---------
